 Dungeon Crawl Stone Soup version 0.17.1-1-g73c8601 (webtiles) character file.

943 PossumBlood the Cleaver (level 7, -10/57 HPs)
             Began as a Minotaur Fighter on Dec 19, 2015.
             Killed from afar by MirrMurr's ghost (15 damage)
             ... with a spray of energy
             ... on level 5 of the Dungeon.
             The game lasted 00:10:41 (2963 turns).

PossumBlood the Cleaver (Minotaur Fighter)          Turns: 2963, Time: 00:10:41

Health: -10/57     AC: 12    Str: 22    XL:     7   Next: 88%
Magic:  6/6        EV:  4    Int:  5    God:
Gold:   146        SH:  0    Dex: 10    Spells: 0 memorised, 6 levels left

rFire  . . .     SeeInvis .     a - +0 war axe
rCold  . . .     Clarity  .     h - +0 plate armour (curse)
rNeg   . . .     SustAt   .     c - +0 shield
rPois  .         Gourm    .     (helmet restricted)
rElec  .         Spirit   .     q - +0 cloak
rCorr  .         Warding  .     (no gloves)
rMut   .         Stasis   .     (no boots)
MR     .....                    (no amulet)
Stlth  ..........               p - +3 ring of slaying
                                (no ring)

@: confused, glowing, not resistant to hostile enchantments, extremely
unstealthy
A: retaliatory headbutt, horns 2
a: no special abilities


You were on level 5 of the Dungeon.
You were not hungry.

You visited 1 branch of the dungeon, and saw 5 of its levels.

You collected 146 gold pieces.

Inventory:

Hand Weapons
 a - a +0 war axe (weapon)
Armour
 c - a +0 shield (worn)
 h - a cursed +0 plate armour (worn)
 q - a +0 cloak (worn)
Jewellery
 p - a +3 ring of slaying (right hand)
Scrolls
 g - a scroll of identify
 j - a scroll of fog
 l - 3 scrolls of fear
Potions
 d - a potion of might
 f - a potion of lignification
 k - a potion of degeneration
 n - a potion of curing
 o - 2 potions of agility
Books
 i - a book of Burglary

   Spells                             Type                      Level
   a - Swiftness                      Charms/Air                   2
   b - Passwall                       Transmutation/Earth          3
   c - Passage of Golubria            Translocation                4
   d - Lee's Rapid Deconstruction     Earth                        5
   e - Darkness                       Hexes                        6
   f - Invisibility                   Hexes                        6
Comestibles
 e - 4 bread rations


   Skills:
 - Level 3.6 Fighting
 * Level 10.9 Axes
 - Level 3.6 Armour
 - Level 3.6 Shields


You had 6 spell levels left.
You didn't know any spells.

Dungeon Overview and Level Annotations

Branches:
Dungeon (5/15)
 Temple: D:4-7

Altars:
Elyvilon
Gozag

Annotations:
D:5 MirrMurr's ghost, novice SpEn


Innate Abilities, Weirdness & Mutations

You reflexively headbutt those who attack you in melee.
You have a pair of horns on your head.


Message History

MirrMurr's ghost hits you but does no damage.
MirrMurr's ghost gestures at you while chanting.
You are outlined in light.
You bump into the rock wall.
You feel less confused.
MirrMurr's ghost points at you and mumbles some strange words.
The spray of energy hits you!
* * * LOW HITPOINT WARNING * * *
You are confused.
MirrMurr's ghost gestures at you while chanting.
The spray of energy hits you!
* * * LOW HITPOINT WARNING * * *
MirrMurr's ghost hits you but does no damage.
You're too confused to move!
MirrMurr's ghost hits you but does no damage.
You slash MirrMurr's ghost!
MirrMurr's ghost is moderately damaged.
MirrMurr's ghost casts a spell at you. The spray of energy hits you!
You die...

###.##. ### #.....
... #....#
#.##....#### #.
#..........####
#.###..............
............<......
....#..##.@W##.....
...................
#.
....#...#...##.....
####. ........##.##
.... #....
..###......# ...
#.##. ###.#### ##
#.##. #.# ### #.##.
#.# ##.## #.##.
#.#####.#.## #<##.


You could see MirrMurr's ghost.

Vanquished Creatures
  The ghost of Dickchan the Archer, an amateur CeHu (D:3)
  Sigmund (D:3)
  Eustachio (D:4)
  An ogre (D:4)
  A centaur (D:5)
  A scorpion (D:4)
  2 orc wizards (D:4)
  Jessica (D:3)
  A hound skeleton (D:4)
  Robin (D:3)
  3 adders
  An ooze (D:1)
  An adder skeleton (D:5)
  A worm (D:3)
  A giant gecko (D:2)
  7 orcs (D:4)
  3 giant cockroaches
  16 goblins
  9 hobgoblins
  5 kobolds
  2 quokkas (D:4)
  8 bats
  A giant gecko skeleton (D:4)
  2 giant newts
  A jackal skeleton (D:4)
  12 rats
84 creatures vanquished.

Notes
Turn   | Place    | Note
--------------------------------------------------------------
     0 | D:1      | PossumBlood the Minotaur Fighter began the quest for the Orb.
     0 | D:1      | Reached XP level 1. HP: 19/19 MP: 0/0
   168 | D:1      | Reached XP level 2. HP: 26/26 MP: 1/1
   515 | D:1      | Reached skill level 4 in Axes
   704 | D:2      | Reached XP level 3. HP: 27/31 MP: 2/2
  1096 | D:2      | Reached skill level 5 in Axes
  1258 | D:3      | Noticed Robin
  1267 | D:3      | Reached XP level 4. HP: 12/39 MP: 3/3
  1272 | D:3      | Killed Robin
  1477 | D:3      | Noticed Dickchan's ghost (amateur CeHu)
  1490 | D:3      | Killed Dickchan's ghost
  1490 | D:3      | Reached skill level 7 in Axes
  1490 | D:3      | Reached XP level 5. HP: 31/45 MP: 4/4
  1490 | D:3      | Reached XP level 6. HP: 35/51 MP: 5/5
  1628 | D:3      | Noticed Jessica
  1632 | D:3      | Killed Jessica
  1632 | D:3      | Reached skill level 8 in Axes
  1771 | D:3      | Found an opulent altar of Gozag.
  1834 | D:3      | Found a white marble altar of Elyvilon.
  1894 | D:3      | Noticed Sigmund
  1899 | D:3      | Killed Sigmund
  1899 | D:3      | Reached skill level 9 in Axes
  2280 | D:4      | Reached XP level 7. HP: 43/57 MP: 6/6
  2369 | D:4      | Noticed Eustachio
  2385 | D:4      | Killed Eustachio
  2401 | D:4      | Reached skill level 10 in Axes
  2901 | D:5      | Entered Level 5 of the Dungeon
  2954 | D:5      | Noticed MirrMurr's ghost (novice SpEn)
  2963 | D:5      | Killed from afar by MirrMurr's ghost

Action                   |  1- 3 |  4- 6 |  7- 9 || total
-------------------------+-------+-------+-------++-------
Melee: War axe           |   112 |    74 |    50 ||   236
  Use: Scroll            |     5 |       |     5 ||    10
       Potion            |       |     1 |       ||     1
  Eat: Bread ration      |     1 |       |       ||     1
       Beef jerky        |       |       |     2 ||     2
